 Dungeon Crawl Stone Soup version 0.31.0-9-g3a7656b989 (webtiles) character file.

Game seed: 12560077749634402494

879 qw the Shooter (level 7, -4/35 HPs)
             Began as a Spriggan Hunter on Feb 2, 2024.
             Killed from afar by an orc wizard (7 damage)
             ... with a puff of flame
             ... on level 6 of the Dungeon.
             The game lasted 00:00:22 (4268 turns).

qw the Shooter (Spriggan Hunter)                    Turns: 4268, Time: 00:00:23

Health: -4/35      AC:  7    Str: 13    XL:     7   Next: 75%
Magic:  0/8        EV: 23    Int: 11    God:
Gold:   277        SH:  0    Dex: 20    Spells: 6/6 levels left

rFire   . . .        f - +0 orcbow
rCold   . . .        (shield currently unavailable)
rNeg    . . .        c - +1 robe
rPois   .            (helmet restricted)
rElec   .            (no cloak)
rCorr   .            (gloves unavailable)
SInv    +            (boots unavailable)
Will    +....        l - amulet of guardian spirit
Stlth   ++           e - +4 ring of protection
HPRegen 0.25/turn    q - +6 ring of strength
MPRegen 0.11/turn

%: guardian spirit
@: very quick
A: very small, no large weapons, unfitting armour, see invisible, speed 3
a: no special abilities


You were on level 6 of the Dungeon.
You visited 1 branch of the dungeon, and saw 6 of its levels.

You collected 277 gold pieces.


Innate Abilities, Weirdness & Mutations

You are very small and have problems with some larger weapons.
You are too small for most types of armour.
You have supernaturally acute eyesight. (SInv)
You cover ground extremely quickly. (Speed+++)


   Skills:
 - Level 2.0 Fighting
 + Level 7.9 Ranged Weapons
 - Level 7.6 Dodging
 - Level 1.5 Stealth


You had 6 spell levels left.
You didn't know any spells.
Your spell library was empty.

Inventory:

Hand Weapons
 f - a +0 orcbow (weapon)
Armour
 c - a +1 robe (worn)
Jewellery
 e - a +4 ring of protection (left hand)
 l - an amulet of guardian spirit (around neck)
 q - a +6 ring of strength (right hand)
Wands
 b - a wand of mindburst (14)
 m - a wand of paralysis (15)
 o - a wand of flame (16)
Scrolls
 n - 2 scrolls of enchant armour
Potions
 g - 2 potions of mutation
 h - 3 potions of curing
 j - a potion of cancellation
 k - a potion of invisibility {unknown}
 p - a potion of ambrosia {unknown}

Dungeon Overview and Level Annotations

Branches:
Dungeon (6/15)
 Temple: D:4-7

Altars:
Cheibriados
Gozag
Uskayaw

Shops:
D:3 [   D:4 :

Annotations:
D:3 2 transporters
D:6 Pikel


Message History

The arrow closely misses the orc warrior.
A nearby plant withers and dies.
The phantom completely misses you. The sky beast closely misses you.
The orc warrior misses you. The orc completely misses you.
You shoot an arrow.
The arrow barely misses the orc warrior.
The phantom barely misses you. The sky beast completely misses you.
The orc misses you.
The orc warrior hits you with a +0 long sword.
You shoot an arrow. The arrow hits the orc warrior!
The orc warrior is moderately wounded.
The sky beast closely misses you. The phantom misses you.
You shoot an arrow.
The arrow hits the orc warrior but does no damage.
The orc warrior is moderately wounded.
The phantom closely misses you.
The sky beast hits you but does no damage.
The orc misses you.
You shoot an arrow.
The arrow barely misses the orc warrior.
The phantom misses you. The sky beast completely misses you.
The orc completely misses you. The orc warrior barely misses you.
You shoot an arrow.
The arrow hits the orc warrior but does no damage.
The orc warrior is moderately wounded.
The sky beast misses you. The phantom hits you. The orc misses you.
The orc warrior misses you.
You shoot an arrow. The arrow hits the orc warrior!
The orc warrior is severely wounded.
The phantom barely misses you. The sky beast completely misses you.
The orc warrior hits you with a +0 long sword!
The orc barely misses you.
You shoot an arrow. The arrow hits the orc warrior!
You kill the orc warrior!
The phantom closely misses you.
The sky beast flickers out of sight for a moment.
The sky beast completely misses you.
The orc wizard points at you and mumbles some strange words.
The puff of flame hits you!
You die...

####
######...##
##..P.P.!..#
#o.o~~~....#
#@7o~~P~7..#
#YWo~~~~...#
+So.~~~.~P.#
#.7~~~~~~..#
##.~.~~.~..#
#..~~~~~~..#
#.P~~P~.~..#
+..~7~.~~..#
#...7~~.P..#


You could see a sky beast (invisible), a phantom, an orc wizard (invisible), an
adder and 3 orcs.

Vanquished Creatures
  A water moccasin (D:5)
  An orc warrior (D:6)
  A lemure (D:6)
  2 scorpions (D:5)
  A howler monkey (D:5)
  2 bombardier beetles (D:5)
  3 hounds
  A jelly (D:6)
  An orc priest (D:5)
  A sleepcap (D:5)
  4 orc wizards
  2 iguanas
  8 adders
  4 gnolls (D:2)
  A river rat (D:6)
  2 ribbon worms
  2 dart slugs
  6 orcs
  3 ball pythons
  9 endoplasms
  6 giant cockroaches
  5 hobgoblins
  8 jackals
  4 kobolds
  7 quokkas
  4 bats
  3 frilled lizards
  8 goblins
  5 rats
105 creatures vanquished.

Notes
Turn   | Place    | Note
-------+----------+-------------------------------------------
     0 | D:1      | qw the Spriggan Hunter began the quest for the Orb.
     0 | D:1      | Reached XP level 1. HP: 10/10 MP: 2/2
     0 | D:1      | 0 ||| qw: Version: 0.3-a-155-g5e7d8dd
     0 | D:1      | 0 ||| qw: Game counter: 2738
     0 | D:1      | 0 ||| qw: Melee chars always use a shield: true
     0 | D:1      | 0 ||| qw: God list: Okawaru
     0 | D:1      | 0 ||| qw: Allow faded altars: false
     0 | D:1      | 0 ||| qw: Do Orc after clearing Dungeon:15 true
     0 | D:1      | 0 ||| qw: Do second Lair branch before Depths: true
     0 | D:1      | 0 ||| qw: Lair rune preference: random
     0 | D:1      | 0 ||| qw: Goals: Normal
     0 | D:1      | 0 ||| PLANNING D:1-11
    75 | D:1      | Reached skill level 3 in Dodging
   159 | D:1      | Reached XP level 2. HP: 14/14 MP: 3/3
   229 | D:1      | Found a faded altar of an unknown god.
   297 | D:1      | HP: 3/14 [endoplasm (3)]
   928 | D:1      | 928 ||| UPGRADING to +4 ring of protection.
   929 | D:1      | 929 ||| READING scroll labelled YKLUZU HEMME.
   929 | D:1      | 929 ||| ENCHANTING +0 shortbow.
   930 | D:1      | 930 ||| READING 2 scrolls labelled XYTENA WAODO.
   930 | D:1      | 930 ||| IDENTIFYING brown potion
   931 | D:1      | 931 ||| READING scroll of identify.
   931 | D:1      | 931 ||| IDENTIFYING white potion
   932 | D:1      | 932 ||| READING scroll labelled NANWUE TIMAO.
   933 | D:1      | 933 ||| DROPPING scroll of butterflies.
  1042 | D:2      | Reached XP level 3. HP: 18/18 MP: 4/4
  1133 | D:2      | Reached XP level 4. HP: 20/22 MP: 5/5
  1385 | D:2      | 1385 ||| READING scroll of identify.
  1385 | D:2      | 1385 ||| IDENTIFYING fizzy emerald potion
  1386 | D:2      | 1386 ||| READING scroll labelled JEOHEA ZYUTH.
  1387 | D:2      | 1387 ||| READING scroll labelled IMOPSODAGG.
  1391 | D:2      | 1391 ||| READING scroll labelled CYIMIA ESTOFF.
  1492 | D:2      | 1492 ||| READING 3 scrolls labelled IREETR NISONIH.
  1493 | D:2      | 1493 ||| DROPPING 2 scrolls of immolation.
  1731 | D:3      | Reached XP level 5. HP: 22/26 MP: 6/6
  1731 | D:3      | 1731 ||| FLEEEEING.
  1889 | D:3      | You fall into a shaft and drop 1 floor!
  1992 | D:4      | 1992 ||| SWAPPING to +0 orcbow.
  1993 | D:4      | 1993 ||| DROPPING +1 shortbow.
  2058 | D:4      | Reached skill level 6 in Ranged Weapons
  2097 | D:4      | 2097 ||| UPGRADING to amulet of guardian spirit.
  2102 | D:4      | 2102 ||| READING 2 scrolls of identify.
  2102 | D:4      | 2102 ||| IDENTIFYING inky potion
  2103 | D:4      | 2103 ||| READING scroll of identify.
  2103 | D:4      | 2103 ||| IDENTIFYING puce potion
  2104 | D:4      | 2104 ||| DROPPING potion of degeneration.
  2110 | D:3      | Found a hide-covered altar of Uskayaw.
  2225 | D:3      | Found a transporter.
  2225 | D:3      | Found Loanenyq's Armour Emporium.
  2246 | D:3      | Found a transporter.
  2605 | D:4      | Found an opulent altar of Gozag.
  2613 | D:4      | Found Bahunwel's Tremendous Tomes.
  2754 | D:4      | 2754 ||| READING scroll labelled PUARHU GADUGOR.
  2755 | D:4      | 2755 ||| READING 3 scrolls labelled YBIJIU QIUDD.
  2755 | D:4      | 2755 ||| ENCHANTING +0 robe.
  2977 | D:4      | Reached XP level 6. HP: 30/30 MP: 7/7
  2996 | D:4      | Reached skill level 6 in Dodging
  3069 | D:5      | Entered Level 5 of the Dungeon
  3072 | D:5      | 3072 ||| STAIRDANCE
  3276 | D:5      | Reached XP level 7. HP: 32/35 MP: 6/8
  3539 | D:5      | Found a snail-covered altar of Cheibriados.
  3556 | D:5      | HP: 6/35 [burnt (4)]
  3559 | D:5      | HP: 1/35 [burnt (2)]
  4134 | D:5      | 4134 ||| UPGRADING to +6 ring of strength.
  4135 | D:5      | 4135 ||| DRINKING 3 viscous red potions.
  4162 | D:5      | 4162 ||| DROPPING 2 potions of lignification.
  4176 | D:6      | 4176 ||| PLANNING OSSUARY
  4177 | D:6      | 4177 ||| STAIRDANCE
  4227 | D:6      | 4227 ||| RETREEEEATING.
  4228 | D:6      | 4228 ||| RETREEEEATING.
  4229 | D:6      | 4229 ||| RETREEEEATING.
  4230 | D:6      | 4230 ||| RETREEEEATING.
  4233 | D:6      | Noticed Pikel
  4240 | D:6      | 4240 ||| ZAPPING wand of mindburst (15) at 1,0 (Pikel;
                  | floor).
  4243 | D:6      | HP: 6/35 [Pikel/puff of flame (6)]
  4244 | D:6      | 4244 ||| READING scroll of teleportation.
  4245 | D:6      | 4245 ||| DRINKING potion of heal wounds.
  4247 | D:6      | 4247 ||| RETREEEEATING.
  4248 | D:6      | 4248 ||| RETREEEEATING.
  4249 | D:6      | 4249 ||| RETREEEEATING.
  4267 | D:6      | HP: 3/35 [orc warrior/+0 long sword (10)]
  4268 | D:6      | Killed from afar by an orc wizard

Levels and vault maps discovered:
D:1:      lemuel_arrival_river_bridge, layout_loops_ring,
          nicolae_ecumenical_lake_church, serial_bayou_crossing
D:2:      layout_rooms
D:3:      layout_basic, mainiacjoe_overflow_alcove_1, serial_forest,
          infiniplex_forest_clump_curved, infiniplex_forest_zigzag_1,
          infiniplex_forest_clump_C, infiniplex_forest_corner_1,
          infiniplex_forest_lined_ring, infiniplex_forest_side_room,
          serial_shops, nicolae_shop_drivethru
D:4:      layout_basic, general_overflow_altar, serial_rivers,
          chequers_serial_rivers_marsh, chequers_serial_rivers_micro_d,
          chequers_serial_rivers_micro_a, chequers_serial_rivers_large_a,
          chequers_serial_rivers_large_b, nicolae_shop_i_like_big_books,
          minmay_fractal_squares_5
D:5:      minmay_angry_zag, layout_loops_cross, slow_altar_2, serial_bayou,
          serial_bayou_shore_b, serial_bayou_pond_d, serial_bayou_pond_d
D:6:      layout_gridville, minmay_temple_entry_hall, portal_sewer_entry_b,
          serial_bayou, serial_bayou_pond_e, serial_bayou_pond_e,
          serial_bayou_ford_a, serial_bayou_pond_e, serial_bayou_lake_a,
          serial_bayou_pond_b, nicolae_ossuary_entry_plus, uniq_pikel

Skill      XL: |  1  2  3  4  5  6  7 |
---------------+----------------------+-----
Dodging        | 3 4 5 6 7 |  7.6
Ranged Weapons | 5 6 7 |  7.9
Fighting       | 2 |  2.0
Stealth        | |  1.5

Action                     |  1- 3 |  4- 6 |  7- 9 || total
---------------------------+-------+-------+-------++-------
   Fire: Shortbow          |   102 |    75 |       ||   177
         Orcbow            |       |   136 |    73 ||   209
  Evoke: Wand              |       |       |     1 ||     1
    Use: Scroll            |     4 |     9 |     1 ||    14
         Potion            |       |       |     2 ||     2
 Armour: Robe              |     4 |    24 |    31 ||    59
  Dodge: Dodged            |    38 |    96 |    81 ||   215

Table legend:
 A = Non-vault XP
 B = Vault XP
 C = Vault XP percentage of total XP
 D = Non-vault monster count
 E = Vault monster count
 F = Vault count percentage of total count
                 A         B        C        D         E       F
            +---------+---------+-------+---------+---------+-------
      Total |    1021 |     364 |  26.3 |      93 |      11 |  10.6
            +---------+---------+-------+---------+---------+-------
        D:1 |      38 |       0 |   0.0 |      24 |       0 |   0.0
        D:2 |      77 |       0 |   0.0 |      14 |       0 |   0.0
        D:3 |     153 |       0 |   0.0 |      24 |       0 |   0.0
        D:4 |     147 |      11 |   7.0 |      17 |       5 |  22.7
        D:5 |     563 |     168 |  23.0 |      13 |       3 |  18.8
        D:6 |      43 |     185 |  81.1 |       1 |       3 |  75.0
            +---------+---------+-------+---------+---------+-------
